MLB
COLORADO ROCKIES @ CHICAGO CUBS
09/13/2047
 
TOP OF THE 1ST
Colorado Rockies batting - Pitching for Chicago Cubs : RHP Yeong-kil Suck
Pitching: RHP Yeong-kil Suck
Batting: LHB Freddy Troncoso 0-0: Called Strike
0-1: Fly out, F6 (Flyball, 56D, EV 91.9 MPH)
Batting: SHB Eddie Quinones 0-0: Ball
1-0: Called Strike
1-1: Called Strike
1-2: Strikes out swinging
Batting: RHB Joel Haycock 0-0: Called Strike
0-1: Ball
1-1: Foul Ball, location: 2F
1-2: Ground out 3-1 (Groundball, 34S, EV 85.0 MPH)
Top of the 1st over - 0 runs, 0 hits, 0 errors, 0 left on base; Colorado 0 - Chicago 0
BOTTOM OF THE 1ST
Chicago Cubs batting - Pitching for Colorado Rockies : RHP Colin Lancey Jr.
Pitching: RHP Colin Lancey Jr.
Batting: RHB Yasuhide Kasahara 0-0: Ball
1-0: Ball
2-0: Fly out, F9 (Flyball, 89M, EV 85.0 MPH)
Batting: RHB Elijah Campbell 0-0: Called Strike
0-1: Swinging Strike
0-2: Strikes out swinging, 2-3 out at first.
Batting: RHB Efrain Vargas 0-0: Called Strike
0-1: Ball
1-1: Ball
2-1: Ball
3-1: Foul Ball, location: 2F
3-2: Strikes out swinging
Bottom of the 1st over - 0 runs, 0 hits, 0 errors, 0 left on base; Colorado 0 - Chicago 0
TOP OF THE 2ND
Colorado Rockies batting - Pitching for Chicago Cubs : RHP Yeong-kil Suck
Batting: LHB Shawn Morrison 0-0: Ball
1-0: Ball
2-0: Called Strike
2-1: Ball
3-1: Fly out, F8 (Flyball, 89S, EV 85.0 MPH)
Batting: RHB Henry Alvizo 0-0: Foul Ball, location: 2F
0-1: Foul Ball, location: 2F
0-2: Hit by Pitch
Pinch Runner at 1st Sterling Acosta:
Batting: SHB Chris Blue 0-0: Swinging Strike
0-1: Called Strike
0-2: Foul Ball, location: 2F
0-2: Ball
1-2: DOUBLE (Line Drive, 9LD, EV 101.2 MPH)
Sterling Acosta to third
Batting: SHB Jon Munoz 0-0: Ball
1-0: Called Strike
1-1: Reached on error, E4 (Groundball, 4MD, EV 93.8 MPH)
Sterling Acosta scores
Chris Blue to third
Batting: LHB Robert Watson 0-0: Ball
1-0: 3-RUN HOME RUN (Flyball, 9D, EV 99.4 MPH), Distance : 390 ft
Batting: RHB Eduardo Camacho 0-0: Ball
1-0: Foul Ball, location: 2F
1-1: Ball
2-1: Ball
3-1: Foul Ball, location: 2F
3-2: Strikes out swinging
Batting: LHB Freddy Troncoso 0-0: Called Strike
0-1: Ball
1-1: Ball
2-1: Foul Ball, location: 2F
2-2: SINGLE (Groundball, 4MD, EV 100.6 MPH)
Batting: SHB Eddie Quinones 0-0: Called Strike
0-1: Called Strike
0-2: Foul Ball, location: 2F
0-2: Foul Ball, location: 2F
0-2: Ground out 4-3 (Groundball, 4, EV 88.8 MPH)
Top of the 2nd over - 4 runs, 3 hits, 1 error, 1 left on base; Colorado 4 - Chicago 0
BOTTOM OF THE 2ND
Chicago Cubs batting - Pitching for Colorado Rockies : RHP Colin Lancey Jr.
Now at 2B: Sterling Acosta
Batting: RHB Josh Kalman 0-0: Called Strike
0-1: Ball
1-1: Foul Ball, location: 2F
1-2: SOLO HOME RUN (Flyball, 7D, EV 94.4 MPH), Distance : 371 ft
Batting: LHB Kevin Norton 0-0: Ground out 5-3 (Groundball, 56S, EV 66.9 MPH)
Batting: RHB Alan Oxenrider 0-0: SINGLE (Line Drive, 6D, EV 100.0 MPH)
Batting: LHB Andy Arbuckle 0-0: Ball
1-0: Foul Ball, location: 2F
1-1: Fielders Choice at 2nd, 4-6 (Groundball, 34, EV 79.4 MPH)
Batting: RHB Will Leslie 0-0: SINGLE (Line Drive, 56, EV 103.8 MPH)
Andy Arbuckle to second
Runner from 2nd tries for 3rd, OUT! 7-5
Bottom of the 2nd over - 1 run, 3 hits, 0 errors, 1 left on base; Colorado 4 - Chicago 1
TOP OF THE 3RD
Colorado Rockies batting - Pitching for Chicago Cubs : RHP Yeong-kil Suck
Batting: RHB Joel Haycock 0-0: Called Strike
0-1: Foul Ball, location: 2F
0-2: DOUBLE (Flyball, 8LXD, EV 103.1 MPH)
Batting: LHB Shawn Morrison 0-0: Fly out, F8 (Flyball, 8LD, EV 82.5 MPH)
Batting: RHB Sterling Acosta 0-0: Ball
1-0: Foul Ball, location: 2F
1-1: Foul Ball, location: 2F
1-2: Ball
2-2: Strikes out swinging
Batting: SHB Chris Blue 0-0: Ball
1-0: Ball
2-0: Foul Ball, location: 2F
2-1: Swinging Strike
2-2: Foul Ball, location: 2F
2-2: Foul Ball, location: 2F
2-2: 2-RUN HOME RUN (Line Drive, 9D, EV 105.6 MPH), Distance : 409 ft
Pitching: RHP Heef Harted
Batting: SHB Jon Munoz 0-0: Ball
1-0: Called Strike
1-1: Ball
2-1: Called Strike
2-2: Ball
3-2: Foul Ball, location: 2F
3-2: Strikes out swinging
Top of the 3rd over - 2 runs, 2 hits, 0 errors, 0 left on base; Colorado 6 - Chicago 1
BOTTOM OF THE 3RD
Chicago Cubs batting - Pitching for Colorado Rockies : RHP Colin Lancey Jr.
Batting: RHB Brian Gargis 0-0: Called Strike
0-1: Ball
1-1: Foul Ball, location: 2F
1-2: Foul Ball, location: 2F
1-2: Ball
2-2: Strikes out swinging
Batting: RHB Yasuhide Kasahara 0-0: Called Strike
0-1: Ball
1-1: Foul Ball, location: 2F
1-2: Foul Ball, location: 2F
1-2: Fly out, F9 (Flyball, 9, EV 93.1 MPH)
Batting: RHB Elijah Campbell 0-0: Ball
1-0: Ground out 2-3 (Groundball, 13S, EV 77.5 MPH)
Bottom of the 3rd over - 0 runs, 0 hits, 0 errors, 0 left on base; Colorado 6 - Chicago 1
TOP OF THE 4TH
Colorado Rockies batting - Pitching for Chicago Cubs : RHP Heef Harted
Batting: LHB Robert Watson 0-0: Ball
1-0: Called Strike
1-1: Ball
2-1: Swinging Strike
2-2: Ground out 1-3 (Groundball, 13S, EV 74.4 MPH)
Batting: RHB Eduardo Camacho 0-0: Foul Ball, location: 2F
0-1: Ball
1-1: Called Strike
1-2: Foul Ball, location: 2F
1-2: Foul Ball, location: 2F
1-2: Foul Ball, location: 2F
1-2: Strikes out looking
Batting: LHB Freddy Troncoso 0-0: Ball
1-0: Ball
2-0: Swinging Strike
2-1: Swinging Strike
2-2: Strikes out swinging
Top of the 4th over - 0 runs, 0 hits, 0 errors, 0 left on base; Colorado 6 - Chicago 1
BOTTOM OF THE 4TH
Chicago Cubs batting - Pitching for Colorado Rockies : RHP Colin Lancey Jr.
Batting: RHB Efrain Vargas 0-0: Foul Ball, location: 2F
0-1: Ball
1-1: Fly out, F9 (Line Drive, 9, EV 95.6 MPH)
Batting: RHB Josh Kalman 0-0: Ball
1-0: Called Strike
1-1: Ball
2-1: Ball
3-1: Called Strike
3-2: SINGLE (Line Drive, 89S, EV 93.1 MPH)
Batting: LHB Kevin Norton 0-0: Ball
1-0: Ball
2-0: Ball
3-0: Foul Ball, location: 2F
3-1: Base on Balls
Josh Kalman to second
Batting: RHB Alan Oxenrider 0-0: Ball
1-0: Swinging Strike
1-1: Foul Ball, location: 2F
1-2: Ball
2-2: Strikes out looking
Batting: LHB Andy Arbuckle 0-0: Called Strike
0-1: Ball
Passed Ball!
Josh Kalman to third
Kevin Norton to second
1-1: Foul Ball, location: 2F
1-2: Foul Ball, location: 2F
1-2: Foul Ball, location: 2F
1-2: Ground out 1-3 (Groundball, 15S, EV 71.9 MPH)
Bottom of the 4th over - 0 runs, 1 hit, 0 errors, 2 left on base; Colorado 6 - Chicago 1
TOP OF THE 5TH
Colorado Rockies batting - Pitching for Chicago Cubs : RHP Heef Harted
Batting: SHB Eddie Quinones 0-0: Ball
1-0: SINGLE (Flyball, 6D, EV 86.2 MPH)
Batting: RHB Joel Haycock 0-0: Foul Ball, location: 2F
0-1: Foul Ball, location: 2F
0-2: Ground out 5-3 (Groundball, 56S, EV 80.6 MPH)
Eddie Quinones to second
Batting: LHB Shawn Morrison 0-0: Called Strike
0-1: Ball
1-1: Ball
2-1: Called Strike
2-2: Ball
3-2: Strikes out swinging
Batting: RHB Sterling Acosta 0-0: Ball
1-0: Ball
2-0: Foul Ball, location: 2F
2-1: Swinging Strike
2-2: Strikes out looking
Top of the 5th over - 0 runs, 1 hit, 0 errors, 1 left on base; Colorado 6 - Chicago 1
BOTTOM OF THE 5TH
Chicago Cubs batting - Pitching for Colorado Rockies : RHP Colin Lancey Jr.
Batting: RHB Will Leslie 0-0: Ball
1-0: Called Strike
1-1: Called Strike
1-2: Foul Ball, location: 2F
1-2: Ball
2-2: Fly out, F3 (Popup, 3, EV 74.4 MPH)
Batting: RHB Brian Gargis 0-0: Ball
1-0: Swinging Strike
1-1: Foul Ball, location: 2F
1-2: Ball
2-2: Foul Ball, location: 2F
2-2: Strikes out looking
Batting: RHB Yasuhide Kasahara 0-0: SINGLE (Line Drive, 89M, EV 95.6 MPH)
Batting: RHB Elijah Campbell 0-0: Ground out 5-3 (Groundball, 5S, EV 70.0 MPH)
Bottom of the 5th over - 0 runs, 1 hit, 0 errors, 1 left on base; Colorado 6 - Chicago 1
TOP OF THE 6TH
Colorado Rockies batting - Pitching for Chicago Cubs : RHP Heef Harted
Batting: SHB Chris Blue 0-0: Called Strike
0-1: Swinging Strike
0-2: Strikes out swinging
Batting: SHB Jon Munoz 0-0: Swinging Strike
0-1: Foul Ball, location: 2F
0-2: Ground out 3-1 (Groundball, 34, EV 102.5 MPH)
Batting: LHB Robert Watson 0-0: Ball
1-0: Fly out, F9 (Flyball, 9LD, EV 83.8 MPH)
Top of the 6th over - 0 runs, 0 hits, 0 errors, 0 left on base; Colorado 6 - Chicago 1
BOTTOM OF THE 6TH
Chicago Cubs batting - Pitching for Colorado Rockies : RHP Colin Lancey Jr.
Batting: RHB Efrain Vargas 0-0: Ground out 6-3 (Groundball, 6, EV 105.0 MPH)
Batting: RHB Josh Kalman 0-0: Swinging Strike
0-1: Ball
1-1: Called Strike
1-2: Foul Ball, location: 2F
1-2: DOUBLE (Line Drive, 7LM, EV 93.8 MPH)
Batting: LHB Kevin Norton 0-0: Ball
1-0: Ball
2-0: Called Strike
2-1: Ball
3-1: Foul Ball, location: 2F
3-2: Foul Ball, location: 2F
3-2: Foul Ball, location: 2F
3-2: Foul Ball, location: 2F
3-2: Fly out, F7 (Flyball, 78M, EV 93.1 MPH)
Batting: RHB Alan Oxenrider 0-0: Called Strike
0-1: Swinging Strike
0-2: Ball
1-2: Ball
2-2: Strikes out swinging
Bottom of the 6th over - 0 runs, 1 hit, 0 errors, 1 left on base; Colorado 6 - Chicago 1
TOP OF THE 7TH
Colorado Rockies batting - Pitching for Chicago Cubs : RHP Heef Harted
Batting: RHB Eduardo Camacho 0-0: Foul Ball, location: 2F
0-1: SINGLE (Groundball, 6MD, EV 95.0 MPH)
Batting: LHB Freddy Troncoso 0-0: Ball
Eduardo Camacho steals 2nd base
1-0: Foul Ball, location: 2F
1-1: Fly out, F2 (Popup, 25F, EV 86.2 MPH)
Batting: SHB Eddie Quinones 0-0: Ball
1-0: Called Strike
1-1: Ball
2-1: Called Strike
2-2: Fly out, F9 (Flyball, 89M, EV 83.8 MPH)
Pitching: RHP Arnaldo Cardamenho
Batting: RHB Joel Haycock 0-0: Ball
1-0: Ball
2-0: Swinging Strike
2-1: Ball
3-1: Foul Ball, location: 2F
3-2: Foul Ball, location: 2F
3-2: Fly out, F9 (Line Drive, 89M, EV 93.1 MPH)
Top of the 7th over - 0 runs, 1 hit, 0 errors, 1 left on base; Colorado 6 - Chicago 1
BOTTOM OF THE 7TH
Chicago Cubs batting - Pitching for Colorado Rockies : RHP Colin Lancey Jr.
Batting: LHB Andy Arbuckle 0-0: Ball
1-0: Ball
2-0: Ball
3-0: Called Strike
3-1: Ground out 6-3 (Groundball, 6, EV 102.5 MPH)
Batting: RHB Will Leslie 0-0: Ball
1-0: Swinging Strike
1-1: Called Strike
1-2: SINGLE (Groundball, 6MD, EV 99.4 MPH)
Batting: RHB Brian Gargis 0-0: Foul Ball, location: 2F
0-1: Ball
1-1: Ball
2-1: Grounds into double play, 4-6-3 (Groundball, 4, EV 90.6 MPH)
Bottom of the 7th over - 0 runs, 1 hit, 0 errors, 0 left on base; Colorado 6 - Chicago 1
TOP OF THE 8TH
Colorado Rockies batting - Pitching for Chicago Cubs : RHP Arnaldo Cardamenho
Batting: LHB Shawn Morrison 0-0: Called Strike
0-1: Foul Ball, location: 2F
0-2: Ball
1-2: Ball
2-2: Ball
3-2: Base on Balls
Batting: RHB Sterling Acosta 0-0: Ball
1-0: Ball
2-0: Ball
Shawn Morrison is caught stealing 2nd base 2-4
3-0: SOLO HOME RUN (Flyball, 7D, EV 98.8 MPH), Distance : 383 ft
Batting: SHB Chris Blue 0-0: Foul Ball, location: 2F
0-1: Foul Ball, location: 2F
0-2: Ball
1-2: Ball
2-2: Foul Ball, location: 2F
2-2: Ball
3-2: Strikes out looking
Batting: SHB Jon Munoz 0-0: Swinging Strike
0-1: Ball
1-1: Ball
2-1: Swinging Strike
2-2: Ball
3-2: Strikes out swinging
Top of the 8th over - 1 run, 1 hit, 0 errors, 0 left on base; Colorado 7 - Chicago 1
BOTTOM OF THE 8TH
Chicago Cubs batting - Pitching for Colorado Rockies : RHP Colin Lancey Jr.
Batting: RHB Yasuhide Kasahara 0-0: SINGLE (Line Drive, 6MD, EV 102.5 MPH)
Batting: RHB Elijah Campbell 0-0: Ball
1-0: Swinging Strike
1-1: SINGLE (Line Drive, 8RS, EV 93.1 MPH)
Yasuhide Kasahara to second
Pitching: LHP Bill Ogren
Batting: RHB Efrain Vargas 0-0: Ball
1-0: Foul Ball, location: 2F
1-1: Called Strike
1-2: Fly out, F3 (Popup, 3SF, EV 73.1 MPH)
Batting: RHB Josh Kalman 0-0: Called Strike
0-1: Called Strike
0-2: Ball
1-2: Strikes out swinging
Pinch Hitting: SHB Tim Hone 0-0: Hit by Pitch
Yasuhide Kasahara to third
Elijah Campbell to second
Batting: RHB Alan Oxenrider 0-0: Ball
1-0: Called Strike
1-1: Foul Ball, location: 2F
1-2: Ball
2-2: Ball
3-2: GRAND SLAM HOME RUN (Flyball, 9D, EV 103.1 MPH), Distance : 388 ft
Batting: LHB Andy Arbuckle 0-0: Ground out 5-3 (Groundball, 56S, EV 68.1 MPH)
Bottom of the 8th over - 4 runs, 3 hits, 0 errors, 0 left on base; Colorado 7 - Chicago 5
TOP OF THE 9TH
Colorado Rockies batting - Pitching for Chicago Cubs : RHP Arnaldo Cardamenho
Now in RF: Tim Hone
Batting: LHB Robert Watson 0-0: Called Strike
0-1: Ball
1-1: Ball
2-1: Foul Ball, location: 2F
2-2: Ball
3-2: Base on Balls
Batting: RHB Eduardo Camacho 0-0: Ball
1-0: Ball
2-0: Swinging Strike
2-1: Ball
3-1: Bunted foul
3-2: Strikes out swinging
Batting: LHB Freddy Troncoso Pickoff Throw to First - Out! 1-3 CS
0-0: Ball
1-0: Foul Ball, location: 2F
1-1: SINGLE (Line Drive, 9S, EV 101.9 MPH)
Batting: SHB Eddie Quinones 0-0: Ball
1-0: Ball
2-0: Ball
3-0: Base on Balls
Freddy Troncoso to second
Batting: RHB Joel Haycock 0-0: Called Strike
0-1: Ball
1-1: Foul Ball, location: 2F
1-2: Foul Ball, location: 2F
1-2: Ball
2-2: Strikes out looking
Top of the 9th over - 0 runs, 1 hit, 0 errors, 2 left on base; Colorado 7 - Chicago 5
BOTTOM OF THE 9TH
Chicago Cubs batting - Pitching for Colorado Rockies : LHP Bill Ogren
Pitching: RHP Tye Dickinson
Batting: RHB Will Leslie 0-0: Ball
1-0: Ball
2-0: Ball
3-0: Called Strike
3-1: Base on Balls
Pinch Hitting: SHB Steve DiDomenico 0-0: Called Strike
0-1: SINGLE (Groundball, 13, EV 86.9 MPH) (infield hit)
Will Leslie to second
Batting: RHB Yasuhide Kasahara 0-0: Ball
1-0: Swinging Strike
1-1: Foul Ball, location: 2F
1-2: Grounds into double play, 4-6-3 (Groundball, 4S, EV 87.5 MPH)
Will Leslie to third
Batting: RHB Elijah Campbell 0-0: SINGLE (Groundball, 4MD, EV 105.0 MPH)
Will Leslie scores
Batting: RHB Efrain Vargas 0-0: Ball
1-0: Swinging Strike
Pickoff Throw by Catcher to First - Out!
Bottom of the 9th over - 1 run, 2 hits, 0 errors, 0 left on base; Colorado 7 - Chicago 6
Thursday, December 15th , 2022 - OOTP Baseball 23.9 Build 102